 Dungeon Crawl Stone Soup version 0.31-a0-361-g0f8bd3a31e (webtiles) character file.

Game seed: 14820559404763019751

149 AdnanSaban the Shield-Bearer (level 5, -4/33 HPs)
             Began as a Gargoyle Fighter on July 27, 2023.
             Slain by a hell rat (6 damage)
             ... in a sewer.
             The game lasted 00:02:09 (2011 turns).

AdnanSaban the Shield-Bearer (Gargoyle Fighter)     Turns: 2011, Time: 00:02:10

Health: -4/33      AC: 11    Str: 22    XL:     5   Next: 31%
Magic:  5/5        EV:  8    Int:  8    God:
Gold:   221        SH:  8    Dex:  9    Spells: 4/4 levels left

rFire   . . .        p - +1 whip (freeze)
rCold   . . .        e - +0 kite shield
rNeg    + . .        b - +0 scale mail
rPois   ∞            (no helmet)
rElec   +            (no cloak)
rCorr   .            (no gloves)
SInv    .            (no boots)
Will    .....        (no amulet) Stlth
                     (no ring)
HPRegen 0.25/turn    (no ring)
MPRegen 0.09/turn

%: no passive effects
@: no status effects
A: sickness immunity, AC +4, negative energy resistance 1, electricity
resistance, torment resistance 1, petrification resistance
a: no special abilities


You were in a sewer.
You visited 1 branch of the dungeon, and saw 3 of its levels.
You also visited: Sewer.

You collected 221 gold pieces.

Inventory:

Hand Weapons
 p - a +1 whip of freezing (weapon)
Missiles
 l - 4 poisoned darts (quivered)
Armour
 b - a +0 scale mail (worn)
 e - a +0 kite shield (worn)
Jewellery
 j - a ring of ice
Scrolls
 f - 3 scrolls of identify {unknown}
 g - 2 scrolls of teleportation {unknown}
 h - a scroll of revelation {unknown}
 i - 2 scrolls of vulnerability {unknown}
 k - a scroll of amnesia {unknown}
 m - a scroll of poison {unknown}
 n - a scroll of blinking {unknown}
 q - a scroll of butterflies {unknown}
Potions
 a - a potion of curing {unknown}
 c - 2 potions of enlightenment {unknown}
 d - a potion of might
 o - 2 potions of brilliance {unknown}


   Skills:
 + Level 3.9 Fighting
 + Level 3.4 Maces & Flails
 + Level 4.1 Armour
 + Level 0.7 Dodging
 + Level 4.2 Shields


You had 4 spell levels left.
You didn't know any spells.
Your spell library contained the following spells:

 Spells                   Type           Power      Damage    Failure   Level
 Ensorcelled Hibernation  Hex/Ice        0%         N/A       98%         2
 Anguish                  Hex/Necr       0%         N/A       100%        4


Dungeon Overview and Level Annotations

Branches:
Dungeon (3/15)              Sewer (1/1)

Altars:


Innate Abilities, Weirdness & Mutations

You are immune to sickness and miasma.
Your stone body is resilient. (AC +4)
You are immune to poison.
You resist negative energy. (rN+)
You are resistant to electric shocks. (rElec)
You are resistant to unholy torment.
You are immune to petrification.


Message History

No target in view!
No target in view!
No target in view!
No target in view!
No target in view!
No target in view!
No target in view!
No target in view!
No target in view!
No target in view!
You open the door.
A hell rat comes into view.
The hell rat roars deafeningly!
The hell rat moves out of view.
Found four items.
Found a gate leading back out of this place.
No target in view!
You enter the shallow water.
Moving in this stuff is going to be slow.
Found three items.
A rat comes into view.
You see here a rat corpse.
There are monsters nearby!
The hell rat bites you!
There is an open door here.
You block the hell rat's attack.
You barely miss the hell rat. The hell rat bites you!
You are too injured to fight recklessly!
You are too injured to fight recklessly!
You are too injured to fight recklessly!
You are too injured to fight recklessly!
You barely miss the hell rat. The hell rat bites you!
* * * LOW HITPOINT WARNING * * *
You hit the hell rat. You freeze the hell rat.
The hell rat is moderately wounded.
The hell rat bites you but does no damage.
You closely miss the hell rat.
The hell rat is moderately wounded.
The hell rat bites you.
You die...

#.~..~∩~.~~~###
.~~~~#####.~†~.#
..~###!∩!###...##
~~##~!!?!?~##..~#
. #~..~~~...#...#
. ~~~~~~~##†.~#
.~r #~~.###~..##
...~.##r##~~..~#
#~...r†@~~~.###
###~~.~.~~###
#########


You could see a hell rat and a rat.

Vanquished Creatures
  4 gnolls
  4 adders
  2 river rats (Sewer)
  A worm (D:2)
  3 dart slugs
  5 ball pythons
  4 endoplasms (D:2)
  2 giant cockroaches (D:1)
  4 goblins
  7 hobgoblins
  A quokka (D:1)
  3 bats (D:2)
  A frilled lizard (D:2)
  2 kobolds (D:1)
  9 rats
52 creatures vanquished.

Notes
Turn   | Place    | Note
-------+----------+-------------------------------------------
     0 | D:1      | AdnanSaban the Gargoyle Fighter began the quest for the
                  | Orb.
     0 | D:1      | Reached XP level 1. HP: 14/14 MP: 1/1
    64 | D:1      | Reached XP level 2. HP: 10/19 MP: 2/2
   545 | D:2      | Reached XP level 3. HP: 23/23 MP: 3/3
  1412 | D:2      | Reached XP level 4. HP: 28/29 MP: 4/4
  1817 | D:3      | Reached XP level 5. HP: 33/33 MP: 5/5
  1876 | D:3      | Found a glowing drain.
  1883 | Sewer    | Entered a sewer
  2011 | Sewer    | Slain by a hell rat

Illustrated notes

Levels and vault maps discovered:
D:1:      ncdulo_watergridlock, layout_rooms
D:2:      minmay_skewed_foursquare, layout_basic, minmay_gold_behind_fungi,
          hex_large
D:3:      layout_rooms, nicolae_overflow_crystal_walls,
          overflow_temple_1_default, mainiacjoe_overflow_concentric_impassable,
          cheibrodos_sewer_entry_drain
Sewer:    sewer_hellmonk_bad_rat

Skill      XL: |  1  2  3  4 |
---------------+-------------+-----
Maces & Flails | 3 |  3.4
Shields        | 4 |  4.2
Armour         | 4 |  4.1
Fighting       | |  3.9
Dodging        | |  0.7

Action                     |  1- 3 |  4- 6 || total
---------------------------+-------+-------++-------
  Melee: Flail             |   113 |     9 ||   122
         Whip              |       |    72 ||    72
 Armour: Scale mail        |    58 |    56 ||   114
  Dodge: Dodged            |    47 |    36 ||    83
  Block: Kite shield       |    51 |    44 ||    95

Table legend: (Time is in decaauts)
 A = Elapsed time spent in this place.
 B = Non-inter-level travel time spent in this place.
 C = Inter-level travel time spent in this place.
 D = Time resting spent in this place.
 E = Time spent auto-exploring this place.
 F = Levels seen in this place.
 G = Mean time per level.
                   A        B        C        D        E       F      G
               +--------+--------+--------+--------+--------+-----+--------+
         Total |   2071 |   2004 |     67 |    109 |   1412 |   4 |  517.8 |
       Dungeon |   1938 |   1871 |     67 |    109 |   1338 |   3 |  646.0 |
         Sewer |    133 |    133 |      0 |      0 |     74 |   1 |  133.0 |
               +--------+--------+--------+--------+--------+-----+--------+

Top non-repeatable levels by time:
     D:2: 1150 daAuts
     D:1: 684 daAuts
   Sewer: 133 daAuts
     D:3: 103 daAuts
